 Dungeon Crawl Stone Soup version 0.19.5 (webtiles) character file.

110 equalderp2856 the Skirmisher (level 4, 0/35 HPs)
             Began as a Mummy Fighter on Mar 31, 2017.
             Slain by a worker ant (3 damage)
             ... on level 5 of the Dungeon.
             The game lasted 00:04:58 (2143 turns).

equalderp2856 the Skirmisher (Mummy Fighter)        Turns: 2143, Time: 00:04:58

Health: 0/35       AC:  9    Str: 20    XL:     4   Next: 61%
Magic:  4/4        EV:  5    Int:  7    God:
Gold:   127        SH:  9    Dex: 11    Spells: 0 memorised, 3 levels left

rFire  x . .     SeeInvis .     a - +0 long sword
rCold  + . .     Gourm    .     q - +0 chain mail
rNeg   + + +     Faith    .     c - +0 shield
rPois  ∞         Spirit   .     (no helmet)
rElec  .         Reflect  .     (no cloak)
rCorr  .         Harm     .     (no gloves)
MR     .....                    (no boots)
Stlth  ..........               (no amulet)
                                (no ring)
                                (no ring)

@: no status effects
A: no food or potions, fire vulnerability, cold resistance 1, negative energy
resistance 3, torment resistance, unbreathing
a: no special abilities


You were on level 5 of the Dungeon.
You were not hungry.

You visited 1 branch of the dungeon, and saw 5 of its levels.

You collected 127 gold pieces.

Inventory:

Hand Weapons
 a - a +0 long sword (weapon)
 k - a +0 hunting sling
 r - a +2 war axe of chopping
Missiles
 l - 47 stones (quivered)
 p - 17 sling bullets
Armour
 b - a +0 scale mail
 c - a +0 shield (worn)
 q - a +0 chain mail (worn)
 s - a +0 buckler
Jewellery
 j - an uncursed ring of magical power {unknown}
Scrolls
 d - 2 scrolls of identify
 e - 2 scrolls of remove curse {unknown}
 f - 2 scrolls of enchant weapon {unknown}
 h - a scroll of enchant armour {unknown}
 i - 2 scrolls of noise {unknown}
 m - 2 scrolls of magic mapping {unknown}
 n - 2 scrolls of immolation {unknown}
 o - a scroll of teleportation {unknown}
 t - a scroll of recharging {unknown}


   Skills:
 + Level 3.5 Fighting
 + Level 2.4 Long Blades
 + Level 3.3 Armour
 + Level 0.1 Dodging
 + Level 0.1 Stealth
 + Level 2.7 Shields


You had 3 spell levels left.
You didn't know any spells.

Dungeon Overview and Level Annotations

Branches:
Dungeon (5/15)
 Temple: D:4-7

Altars:
Fedhas

Annotations:
D:3 Grinder
D:4 Edmund, Pikel


Innate Abilities, Weirdness & Mutations

You do not eat or drink.
Your flesh is vulnerable to fire.
You are immune to poison.
Your flesh is cold resistant. (rC+)
You are immune to negative energy. (rN+++)
You are immune to unholy pain and torment.
You can survive without breathing.


Message History

A slave and Pikel come into view.
Pikel is wielding a whip of flaming.
A slave comes into view.
Pikel shouts!
The slave shouts!
The worker ant bites you but does no damage.
There is a stone staircase leading down here.
The worker ant bites you.
* * * LOW HITPOINT WARNING * * *
You climb downwards.
A leopard gecko comes into view.
The leopard gecko hisses angrily.
Found an escape hatch in the ceiling.
There is a stone staircase leading up here.
The worker ant barely misses you.
Found 13 gold pieces.
The worker ant bites you.
* * * LOW HITPOINT WARNING * * *
Found 12 gold pieces.
The worker ant waves its antennae.
The worker ant bites you.
You die...

. ... #.#.#
#####.#<#
........#
######.###.#.#
..$.... #.#l#
....... #.#.#
.###...###.#.#
.......@al...#
.####.####...#
# #...# #.....
.$..### ###.##
..# #.#


You could see a worker ant and a leopard gecko.

Vanquished Creatures
  A worker ant (D:3)
  A gnoll (D:1)
  5 adders (D:3)
  A dart slug (D:2)
  A ball python (D:1)
  A giant cockroach (D:1)
  A goblin (D:2)
  4 hobgoblins
  7 kobolds
  A quokka (D:2)
  6 bats
  2 frilled lizards
  7 rats
38 creatures vanquished.

Notes
Turn   | Place    | Note
-------+----------+-------------------------------------------
     0 | D:1      | equalderp2856 the Mummy Fighter began the quest for the Orb.
     0 | D:1      | Reached XP level 1. HP: 18/18 MP: 1/1
    88 | D:1      | Reached XP level 2. HP: 20/24 MP: 2/2
   853 | D:2      | Reached XP level 3. HP: 29/29 MP: 3/3
  1676 | D:3      | Reached XP level 4. HP: 13/35 MP: 4/4
  1889 | D:3      | Found a blossoming altar of Fedhas.
  1993 | D:3      | Noticed Grinder
  2035 | D:4      | Noticed Edmund
  2037 | D:4      | Noticed a phantom
  2084 | D:4      | Noticed an ogre
  2119 | D:4      | Noticed a phantom
  2127 | D:4      | Noticed a slave
  2127 | D:4      | Noticed a slave
  2128 | D:4      | Noticed Pikel
  2128 | D:4      | Noticed a slave
  2128 | D:4      | Noticed a slave
  2133 | D:5      | Entered Level 5 of the Dungeon
  2143 | D:5      | Slain by a worker ant

Skill      XL: |  1  2  3 |
---------------+----------+-----
Armour         | 3 |  3.3
Long Blades    | 2 |  2.4
Fighting       | |  3.5
Dodging        | |  0.1
Stealth        | |  0.1
Shields        | |  2.7

Action                   |  1- 3 |  4- 6 || total
-------------------------+-------+-------++-------
Melee: Long sword        |    98 |    44 ||   142
  Use: Scroll            |       |     2 ||     2
Armor: Scale mail        |    30 |       ||    30
       Chain mail        |    13 |    43 ||    56
Dodge: Dodged            |    34 |    19 ||    53
Block: Shield            |    52 |    22 ||    74
       Buckler           |     1 |       ||     1
       Rpst.: Long sword |    13 |     5 ||    18
